Map: Línea Aguablanca EE

Players

SergioCarico

  • Race: Protoss Protoss
  • Spawn Location: 1:00

Wotan

  • Race: Protoss Protoss
  • Spawn Location: 12:00

Gnomo

  • Race: Zerg Zerg
  • League: Silver
  • Spawn Location: 1:00

MrFercho

  • Race: Zerg Zerg
  • League: Silver
  • Spawn Location: 7:00

tigro

  • Race: Terran Terran
  • League: Bronze
  • Spawn Location: 7:00

TATORREA

  • Race: Protoss Protoss
  • League: Silver
  • Spawn Location: 6:00

VOD

Have the link to the VOD?

Description

Time

  • Played on: June 2, 2020, 10:15 p.m.
  • Length: 21:46
Show
View Real Time Build Order
Export as new Build Order

SergioCarico Protoss 

Build Orders: Carriers 

Get SALT Encoding   

  12  0:05  Probe  
  13  0:17  Pylon  
  13  0:20  Probe (Chrono Boost)  
  14  0:30  Probe (Chrono Boost)  
  15  0:35  Probe (Chrono Boost)  
  16  0:43  Gateway  
  16  0:47  Probe  
  17  0:58  Gateway  
  17  0:59  Probe  
  18  1:10  Assimilator  
  18  1:13  Probe (Chrono Boost)  
  19  1:22  Probe (Chrono Boost)  
  20  1:44  Assimilator  
  20  1:49  Zealot  
  22  2:02  Pylon  
  22  2:04  Probe  
  22  2:06  Cybernetics Core  
  23  2:20  Probe, Zealot  
  26  2:30  Nexus  
  26  2:32  Zealot  
  26  2:33  Probe  
  29  2:45  Probe  
  30  2:57  Probe  
  31  3:03  Pylon  
  31  3:06  Pylon  
  31  3:09  Pylon  
  31  3:21  Stalker, Probe (Chrono Boost)  
  31  3:24  Stalker  
  36  3:33  Probe (Chrono Boost)  
  38  3:41  Gateway  
  38  3:43  Probe (Chrono Boost)  
  38  3:44  Stargate  
  39  3:50  Probe (Chrono Boost)  
  39  3:51  Probe (Chrono Boost)  
  40  3:57  Probe (Chrono Boost)  
  40  3:58  Probe (Chrono Boost)  
  40  4:02  Probe (Chrono Boost)  
  42  4:06  Stalker x2  
  47  4:10  Probe (Chrono Boost)  
  48  4:22  Probe (Chrono Boost)  
  49  4:28  Probe (Chrono Boost)  
  50  4:36  Stalker, Assimilator  
  52  4:38  Probe  
  52  4:40  Assimilator  
  52  4:43  Probe  
  54  4:50  Probe  
  55  4:55  Probe  
  55  4:59  Pylon  
  56  5:03  Pylon, Probe  
  56  5:05  Pylon  
  57  5:07  Probe  
  57  5:11  Stalker x3  
  64  5:17  Void Ray  
  64  5:19  Probe  
  69  5:34  Probe (Chrono Boost)  
  70  5:36  Probe (Chrono Boost)  
  71  5:45  Stalker x3, Probe (Chrono Boost)  
  71  5:47  Probe (Chrono Boost)  
  79  5:50  Probe (Chrono Boost)  
  80  6:00  Void Ray  
  80  6:02  Probe  
  80  6:03  Stargate  
  85  6:14  Probe  
  86  6:22  Pylon  
  86  6:24  Pylon  
  86  6:27  Pylon, Probe  
  86  6:28  Pylon, Probe  
  86  6:31  Pylon  
  88  6:39  Probe, Stargate  
  89  6:40  Probe  
  89  6:43  Fleet Beacon  
  90  6:51  Probe  
  90  6:52  Probe  
  90  6:53  Void Ray  
  96  7:04  Probe  
  97  7:16  Probe  
  96  7:26  Stalker x3  
  102  7:30  Carrier  
  102  7:49  Carrier  
  108  7:56  Stalker  
  102  8:10  Stalker x2  
  106  8:25  Stalker  
  108  8:28  Nexus  
  108  8:30  Assimilator  
  108  8:35  Assimilator  
  108  8:43  Stalker x2  
  112  9:23  Stalker x2  
  116  9:25  Stalker  
  118  9:40  Carrier  
  118  9:43  Mothership  
  132  9:45  Pylon  
  132  9:47  Pylon, Probe  
  132  9:50  Pylon  
  133  9:53  Pylon  
  133  9:56  Pylon  
  133  9:58  Pylon  
  133  10:02  Pylon  
  133  10:04  Carrier  
  131  10:20  Stalker x3  
  133  10:39  Carrier  
  139  10:45  Carrier  
  145  10:50  Stalker x3  
  145  10:54  Probe  
  152  11:06  Probe  
  153  11:18  Probe  
  154  11:33  Assimilator  
  154  11:36  Assimilator  
  154  11:40  Pylon  
  154  11:42  Pylon  
  154  11:45  Pylon  
  154  11:49  Stargate  
  154  11:51  Stargate  
  154  12:00  Forge  
  154  12:04  Stalker x3  
  160  12:14  Protoss Air Weapons Level 1  
  160  12:16  Shield Battery  
  160  12:19  Shield Battery  
  160  12:28  Carrier  
  160  12:29  Carrier  
  172  12:30  Carrier  
  172  12:36  Stalker  
  180  12:37  Stalker  
  180  12:38  Stalker  
  180  13:06  Stalker  
  180  13:07  Stalker  
  180  13:08  Stalker  
  186  13:24  Nexus  
  172  13:44  Carrier x2  
  172  13:45  Carrier  
  194  13:49  Stalker x2  
  187  14:06  Probe (Chrono Boost)  
  188  14:16  Probe (Chrono Boost)  
  189  14:23  Protoss Air Armor Level 1  
  189  14:35  Probe x3  
  192  14:50  Probe x3 (Chrono Boost)  
  192  14:52  Probe (Chrono Boost)  
  196  14:56  Stalker x2  
  200  15:15  Photon Cannon  
  200  15:18  Photon Cannon  
  200  15:21  Photon Cannon  
  200  15:23  Photon Cannon  
  200  15:26  Photon Cannon  
  200  15:28  Photon Cannon  
  200  15:41  Photon Cannon  
  200  15:42  Photon Cannon  
  200  15:45  Photon Cannon  
  200  15:47  Photon Cannon  
  200  15:49  Photon Cannon  
  200  15:52  Photon Cannon  
  200  15:54  Photon Cannon  
  163  17:37  Stalker x3  
  165  17:38  Carrier  
  165  17:39  Carrier x2  
  187  17:49  Probe  
  188  18:01  Probe  
  189  18:07  Stalker x2  
  193  18:13  Probe  
  194  18:25  Gateway, Probe  
  195  18:27  Gateway  
  195  18:32  Gateway  
  195  18:37  Probe  
  195  18:39  Pylon  
  195  18:41  Pylon  
  196  18:43  Pylon  
  196  18:47  Pylon  
  196  18:53  Stargate  
  196  18:55  Stargate  
  196  19:00  Carrier  
  176  19:22  Stalker x2  
  176  19:23  Stalker  
  180  19:25  Carrier x3  
  196  20:15  Stalker  
  196  20:16  Stalker  
Show
View Real Time Build Order
Export as new Build Order

Wotan Protoss 

Build Orders: Carriers 

Get SALT Encoding   

  12  0:12  Pylon  
  12  0:21  Pylon  
  12  0:30  Assimilator  
  12  0:34  Assimilator  
  12  0:49  Gateway  
  12  0:57  Probe (Chrono Boost)  
  13  1:07  Probe (Chrono Boost)  
  14  1:18  Forge  
  14  1:21  Probe  
  15  1:33  Probe  
  16  2:01  Pylon  
  16  2:35  Photon Cannon  
  16  2:41  Photon Cannon  
  16  2:56  Cybernetics Core  
  16  3:27  Nexus  
  16  3:49  Pylon  
  16  3:59  Assimilator  
  16  4:04  Sentry  
  18  4:34  Shield Battery  
  18  4:35  Stalker (Chrono Boost)  
  20  4:56  Stalker (Chrono Boost), Probe (Chrono Boost)  
  24  5:08  Probe (Chrono Boost)  
  24  5:13  Probe (Chrono Boost)  
  25  5:22  Probe  
  25  5:25  Stalker  
  28  5:30  Stargate  
  28  5:34  Probe  
  29  5:46  Probe  
  30  5:55  Stalker  
  32  5:58  Photon Cannon, Probe  
  33  6:11  Pylon, Probe  
  34  6:25  Stalker  
  36  6:38  Stargate  
  36  6:50  Void Ray (Chrono Boost)  
  40  7:13  Photon Cannon  
  40  7:29  Pylon  
  40  8:06  Photon Cannon  
  40  8:15  Void Ray  
  40  8:16  Void Ray  
  48  8:24  Stargate  
  48  8:40  Protoss Air Weapons Level 1 (Chrono Boost)  
  48  8:41  Photon Cannon  
  48  9:04  Probe (Chrono Boost)  
  49  9:14  Probe (Chrono Boost)  
  50  9:19  Probe (Chrono Boost)  
  51  9:30  Probe  
  52  9:40  Pylon  
  52  9:42  Probe  
  53  9:47  Nexus  
  33  10:22  Photon Cannon  
  33  10:44  Void Ray  
  33  10:46  Void Ray  
  41  10:56  Probe (Chrono Boost)  
  42  11:07  Probe (Chrono Boost)  
  43  11:12  Probe (Chrono Boost)  
  43  11:17  Probe (Chrono Boost)  
  46  11:26  Probe (Chrono Boost)  
  46  11:29  Probe (Chrono Boost)  
  47  11:37  Probe (Chrono Boost)  
  48  11:43  Probe  
  49  11:53  Void Ray (Chrono Boost)  
  49  11:54  Fleet Beacon  
  49  11:55  Probe  
  54  12:07  Probe  
  55  12:19  Probe  
  56  12:27  Void Ray  
  56  12:29  Void Ray  
  64  12:41  Unknown  
  64  12:43  Protoss Air Armor Level 1 (Chrono Boost)  
  39  13:38  Carrier  
  39  13:40  Carrier  
  51  13:42  Carrier  
  57  13:57  Stargate  
  57  14:25  Stargate  
  57  14:54  Carrier  
  63  15:11  Protoss Air Weapons Level 2 (Chrono Boost)  
  63  15:14  Tempest  
  68  15:22  Tempest  
  73  15:34  Void Ray  
  77  15:49  Pylon  
  77  16:03  Pylon  
  77  16:12  Carrier  
  83  16:22  Pylon  
  83  16:41  Tempest  
  74  17:38  Protoss Air Armor Level 2  
  74  18:00  Carrier  
  74  18:02  Carrier  
  74  18:04  Tempest  
  91  18:07  Carrier  
  97  18:44  Nexus  
Show
View Real Time Build Order
Export as new Build Order

Gnomo Zerg 

Build Orders: Pool First, Lurkers 

Get SALT Encoding   

  12  0:24  Spawning Pool  
  12  0:28  Extractor  
  10  0:33  Extractor, Drone x2  
  11  0:39  Drone  
  12  1:03  Drone x2  
  14  1:14  Lair  
  14  1:28  Overlord  
  14  1:47  Overlord  
  14  1:56  Overlord  
  14  2:05  Zergling x2  
  15  2:31  Overseer x4  
  15  2:47  Pneumatized Carapace  
  15  3:13  Hydralisk Den  
  14  3:25  Spire  
  13  3:47  Lurker Den  
  12  3:49  Drone  
  13  4:18  Queen  
  15  5:30  Mutalisk  
  15  5:32  Hatchery  
  16  5:40  Drone  
  17  5:51  Drone  
  18  6:05  Drone  
  19  6:15  Drone  
  20  6:18  Drone  
  20  6:24  Drone  
  22  6:30  Drone  
  23  6:36  Drone  
  24  6:44  Drone  
  24  6:46  Drone  
  26  6:50  Drone  
  27  6:58  Drone  
  27  6:59  Drone  
  29  7:17  Hydralisk x2  
  33  7:29  Hydralisk  
  35  7:44  Lurker x2  
  37  7:56  Lurker  
  38  8:48  Overlord x2  
  38  8:49  Overlord x5  
  38  9:16  Hatchery  
  37  9:22  Hydralisk x3  
  43  9:30  Hydralisk x3  
  49  10:06  Lurker x3  
  52  10:11  Lurker  
  52  10:12  Lurker x2  
  55  10:48  Drone x2  
  57  11:00  Drone x2  
  59  11:09  Extractor  
  58  11:14  Extractor, Lair  
  57  11:21  Spawning Pool  
  57  11:23  Drone x2  
  58  11:34  Drone  
  59  11:54  Drone  
  60  11:57  Drone  
  61  12:08  Drone  
  62  12:15  Mutalisk  
  62  12:16  Mutalisk x7  
  62  12:17  Mutalisk x5  
  88  12:30  Queen  
  88  12:32  Drone x2  
  92  12:42  Drone  
  93  13:05  Queen  
  95  13:30  Mutalisk x2  
  99  13:49  Queen  
  87  14:25  Queen  
  89  14:49  Drone x3  
  92  14:58  Drone x3  
  95  15:01  Queen  
  97  15:15  Mutalisk  
  97  15:17  Overlord  
  97  15:18  Overlord x3  
  81  16:41  Hydralisk x4  
  81  16:42  Hydralisk x5  
  99  16:51  Hydralisk x5  
  99  16:52  Hydralisk x6  
  99  16:53  Hydralisk x2  
  125  17:22  Lurker  
  126  17:51  Lurker  
  127  17:56  Lurker x2  
  127  17:57  Lurker x3  
  132  18:04  Overlord x5  
  132  18:23  Lurker x6  
  138  20:12  Lurker x7  
  145  20:34  Lurker  
  146  21:32  Hatchery  
Show
View Real Time Build Order
Export as new Build Order

MrFercho Zerg 

Build Orders: Pool First 

Get SALT Encoding   

  12  0:03  Drone  
  13  0:13  Drone  
  14  0:28  Extractor  
  14  0:29  Extractor, Drone x2  
  16  1:04  Spawning Pool  
  15  1:24  Hatchery  
  14  1:28  Hatchery  
  14  1:31  Drone  
  14  1:59  Overlord  
  14  2:00  Overlord x2  
  14  2:17  Queen  
  16  2:42  Drone x5  
  21  2:48  Extractor  
  21  2:51  Extractor  
  19  2:53  Zergling x4  
  21  3:23  Drone  
  21  3:24  Drone x8  
  30  3:47  Queen  
  33  3:48  Drone x2  
  33  3:51  Lair  
  34  3:59  Evolution Chamber  
  34  4:02  Evolution Chamber  
  32  4:07  Baneling Nest  
  31  4:23  Drone x3  
  34  4:33  Extractor  
  34  4:36  Extractor  
  34  4:37  Drone x3  
  35  4:40  Zergling x16  
  43  4:51  Zerg Melee Weapons Level 1  
  43  4:52  Zerg Ground Armor Level 1  
  43  5:05  Metabolic Boost  
  43  6:00  Zergling x8  
  43  6:01  Zergling x6  
  50  6:04  Overlord x3  
  50  6:06  Overlord  
  50  6:13  Centrifical Hooks  
  50  6:23  Hydralisk Den  
  49  6:37  Baneling x10  
  49  6:49  Zergling x18  
  46  7:38  Baneling  
  46  7:39  Baneling x12  
  46  7:43  Zergling x18  
  41  8:21  Infestation Pit  
  41  8:22  Overseer  
  41  8:24  Overseer  
  40  8:38  Drone x3  
  43  8:55  Zerg Missile Weapons Level 1  
  43  8:59  Hive  
  43  9:03  Zergling x2  
  43  9:04  Zergling x14  
  51  9:35  Drone x4  
  55  9:45  Hatchery  
  54  9:46  Zergling x2  
  54  9:47  Zergling x12  
  54  9:49  Queen  
  63  9:57  Pneumatized Carapace  
  46  10:47  Nydus Network  
  45  11:19  Hydralisk x6  
  45  11:20  Hydralisk x14  
  85  11:27  Grooved Spines  
  85  11:29  Zerg Missile Weapons Level 2  
  85  11:35  Drone  
  86  12:02  Ultralisk Cavern  
  84  12:38  Muscular Augments  
  76  13:04  Nydus Canal  
  76  13:25  Overlord  
  76  13:26  Overlord x4  
  75  13:27  Overlord  
  75  13:28  Overlord x2  
  75  13:29  Overlord x6  
  39  14:20  Spire  
  39  14:23  Overseer x2  
  39  14:24  Overseer x2  
  38  14:35  Drone x7  
  38  14:36  Drone  
  46  14:54  Ultralisk  
  46  14:55  Ultralisk  
  46  14:56  Ultralisk  
  46  14:59  Hydralisk x7  
  66  15:00  Hydralisk  
  80  15:14  Hatchery  
  80  15:18  Extractor x2  
  77  15:35  Extractor  
  76  15:38  Extractor  
  75  15:45  Hatchery  
  74  15:57  Mutalisk x5  
  74  15:58  Mutalisk x6  
  96  16:14  Nydus Canal  
  94  17:33  Hydralisk x6  
  94  17:34  Hydralisk x4  
  114  17:45  Drone  
  115  18:00  Hydralisk  
  117  18:16  Hydralisk x2  
  121  18:29  Hydralisk  
  123  18:52  Hydralisk x3  
  30  19:28  Hydralisk x9  
  20  20:37  Mutalisk  
  20  20:38  Corruptor  
  20  20:39  Corruptor x7  
  38  20:49  Corruptor  
  40  21:03  Corruptor x7  
  40  21:04  Corruptor x3  
Show
View Real Time Build Order
Export as new Build Order

tigro Terran 

Build Orders:  

Get SALT Encoding   

  12  0:05  SCV  
  13  0:17  SCV  
  14  0:21  Supply Depot  
  14  0:29  SCV  
  15  0:43  SCV  
  16  0:52  Barracks  
  16  0:55  SCV  
  17  1:00  Refinery  
  17  1:07  SCV, Refinery  
  18  1:19  SCV  
  18  1:22  Supply Depot  
  19  1:31  SCV  
  20  1:43  Marine  
  20  1:44  SCV  
  22  1:56  SCV  
  22  2:00  Marine  
  24  2:04  Barracks  
  24  2:08  SCV  
  25  2:18  Marine  
  25  2:20  SCV  
  25  2:21  Engineering Bay  
  27  2:36  Marine  
  28  2:38  Orbital Command  
  28  2:53  Factory  
  28  2:54  Marine  
  29  3:02  Barracks Tech Lab  
  29  3:20  Barracks Tech Lab  
  29  3:23  Command Center  
  29  3:27  Combat Shield  
  29  3:40  Factory Tech Lab  
  29  3:42  Stimpack  
  29  3:49  Terran Infantry Weapons Level 1  
  29  4:02  Marine  
  30  4:05  Marine  
  31  4:20  Marine  
  32  4:30  Armory  
  32  4:37  Refinery  
  32  4:38  Marine  
  33  4:42  SCV  
  34  4:45  Concussive Shells  
  34  4:51  Marine  
  35  4:54  SCV  
  35  4:56  Marine  
  37  5:03  Widow Mine  
  37  5:06  SCV  
  40  5:09  Marine  
  40  5:13  Marine  
  42  5:18  Refinery  
  42  5:24  Widow Mine  
  44  5:30  Starport  
  44  5:34  Planetary Fortress  
  44  5:43  Terran Infantry Armor Level 1  
  44  6:17  SCV  
  45  6:21  Medivac  
  47  6:29  SCV  
  47  6:30  Siege Tank  
  47  6:31  Fusion Core  
  51  6:41  SCV  
  52  6:53  SCV  
  53  7:05  SCV  
  54  7:22  Marine x2  
  43  7:37  Neosteel Armor  
  43  7:40  Marine x2  
  43  7:50  Medivac  
  45  7:58  Marine x2, Siege Tank  
  48  8:01  Starport  
  50  8:16  Marine x2  
  52  8:34  Marine x2  
  53  8:40  Starport Tech Lab  
  54  8:41  Command Center  
  54  8:48  Starport Tech Lab  
  54  8:51  Marine  
  54  8:52  Marine  
  56  9:09  Marine x2  
  58  9:17  Hi-Sec Auto Tracking  
  58  9:23  Missile Turret  
  58  9:25  Missile Turret  
  58  9:27  Marine x2  
  60  9:33  Supply Depot  
  60  9:43  Missile Turret  
  60  9:45  Marine x2  
  62  9:50  Missile Turret  
  62  9:53  Battlecruiser  
  62  9:55  Supply Depot  
  68  10:03  Marine x2  
  68  10:04  Missile Turret  
  67  10:11  Missile Turret  
  67  10:14  Terran Infantry Weapons Level 2  
  57  10:20  Supply Depot, Marine  
  57  10:21  Marine  
  54  10:27  Missile Turret  
  54  10:38  Marine x2  
  54  10:39  SCV  
  57  10:47  Refinery  
  57  10:48  Missile Turret  
  57  10:51  SCV  
  57  10:56  Marine x2  
  60  10:57  Battlecruiser  
  60  10:58  Medivac  
  60  11:03  SCV  
  69  11:09  Missile Turret  
  69  11:14  Marine x2  
  69  11:15  SCV  
  72  11:23  Drilling Claws  
  72  11:27  SCV  
  72  11:28  Medivac  
  72  11:32  Marine x2  
  77  11:40  Refinery  
  77  11:49  Marine  
  77  11:50  Marine  
  79  11:58  Raven  
  81  12:19  Widow Mine  
  83  12:29  Terran Infantry Armor Level 2  
  83  12:40  Widow Mine  
  83  12:42  Smart Servos  
  55  13:02  Widow Mine  
  49  13:23  Widow Mine  
  49  13:33  Marine x2  
  51  13:41  Medivac x2  
  53  13:44  Widow Mine  
  57  13:51  Marine x2  
  59  14:08  Marine  
  59  14:09  Marine  
  61  14:11  Battlecruiser x2  
  73  14:26  Marine x2  
  75  14:44  Marine x2  
  77  15:04  Thor  
  83  15:15  Battlecruiser  
  83  15:16  Battlecruiser  
  95  16:00  Planetary Fortress  
  95  16:20  Battlecruiser  
  101  16:35  Weapon Refit  
  101  17:35  Marine x2  
  99  17:40  Battlecruiser  
  99  17:41  Battlecruiser  
  71  17:53  Marine x2  
  73  18:11  Marine x2  
  75  18:15  Rapid Reignition System  
  75  18:29  Terran Infantry Weapons Level 3, Marine x2  
  75  18:33  Terran Ship Weapons Level 1  
  77  18:44  Battlecruiser  
  77  18:45  Battlecruiser  
  77  18:47  Marine x2  
  91  19:04  Missile Turret  
  91  19:05  Marine x2  
  93  19:11  Advanced Ballistics  
  93  19:27  Missile Turret  
  93  19:33  Marine x2  
  95  19:48  Battlecruiser  
  95  19:49  Battlecruiser, Missile Turret  
  95  19:51  Marine  
  59  20:53  Medivac  
Show
View Real Time Build Order
Export as new Build Order

TATORREA Protoss 

Build Orders: Carriers 

Get SALT Encoding   

  12  0:01  Probe  
  13  0:24  Pylon  
  13  0:32  Probe  
  14  0:44  Probe  
  15  0:51  Gateway  
  15  0:52  Gateway  
  15  0:56  Probe  
  16  1:05  Assimilator  
  16  1:08  Probe  
  17  1:20  Probe  
  18  1:32  Probe  
  19  1:44  Probe  
  20  1:53  Cybernetics Core  
  20  1:57  Probe  
  21  2:03  Nexus  
  21  2:15  Pylon  
  21  2:17  Probe  
  21  2:22  Assimilator  
  22  2:29  Probe  
  23  2:45  Probe  
  24  2:57  Probe  
  24  3:09  Probe  
  25  3:16  Probe  
  25  3:18  Warp Gate  
  26  3:21  Probe, Zealot x2  
  31  3:49  Pylon  
  31  3:52  Pylon  
  31  3:54  Probe x2  
  33  3:56  Pylon  
  33  3:59  Pylon  
  33  4:01  Twilight Council  
  33  4:03  Forge  
  33  4:05  Robotics Facility  
  33  4:06  Probe x2  
  35  4:15  Assimilator  
  35  4:17  Assimilator  
  35  4:19  Probe x2  
  37  4:31  Probe x2  
  39  4:35  Protoss Ground Weapons Level 1  
  39  4:43  Probe x2  
  41  4:46  Charge  
  41  4:55  Probe x2  
  41  4:58  Templar Archives  
  43  5:01  Stargate  
  43  5:06  Stargate  
  43  5:07  Probe x2  
  43  5:11  Warp Prism  
  47  5:18  Stalker  
  47  5:21  Probe x2  
  51  5:33  Probe x2  
  53  5:43  Nexus  
  53  5:47  Psionic Storm  
  53  6:01  Stalker  
  53  6:03  High Templar  
  57  6:08  Probe x2  
  59  6:16  Observer  
  60  6:20  Probe x2  
  62  6:31  Zealot  
  62  6:32  Probe x2  
  66  6:36  Zealot  
  68  6:44  Void Ray, Probe x2  
  68  6:45  Void Ray  
  78  6:56  Probe x2  
  78  6:57  Gateway  
  78  7:00  Gateway  
  80  7:02  Gateway  
  80  7:05  Gateway  
  80  7:07  Gateway  
  81  7:08  Probe x2  
  81  7:14  Gateway  
  82  7:43  Zealot x2  
  67  8:13  High Templar  
  67  8:14  High Templar x4  
  67  8:18  Probe x2  
  79  8:21  Probe  
  80  8:29  Assimilator  
  80  8:31  Probe x2  
  80  8:32  Assimilator  
  80  8:33  Probe  
  83  8:36  Protoss Ground Weapons Level 2  
  83  8:41  Archon x2  
  83  8:43  Probe x2  
  83  8:45  Probe  
  83  8:46  High Templar x2  
  83  8:47  High Templar  
  92  8:59  Fleet Beacon  
  92  9:02  Robotics Bay  
  92  9:05  Pylon  
  92  9:08  Pylon  
  92  9:12  Pylon  
  92  9:14  Pylon  
  92  9:18  Pylon  
  92  9:21  Pylon  
  92  9:23  Pylon  
  92  9:28  Pylon  
  92  9:31  Pylon  
  92  9:33  Pylon  
  92  9:38  Pylon  
  92  9:42  Pylon  
  92  9:48  Carrier  
  92  9:49  Carrier  
  92  9:52  Unknown  
  104  9:56  High Templar  
  104  9:59  High Templar, Nexus  
  108  10:02  Zealot  
  108  10:03  Zealot x2  
  108  10:04  Zealot x2  
  108  10:05  Assimilator, Zealot  
  108  10:06  Assimilator  
  120  10:18  Colossus  
  126  10:22  Protoss Air Weapons Level 1 (Chrono Boost)  
  126  10:24  Extended Thermal Lance  
  126  11:00  Blink  
  126  11:03  Stalker x2  
  126  11:04  Stalker x3  
  132  11:05  Stalker x2  
  132  11:10  Archon  
  132  11:11  Archon  
  140  11:12  Observer  
  140  11:13  Archon  
  140  11:15  High Templar  
  140  11:17  Carrier  
  143  11:22  Carrier  
  143  11:30  Protoss Ground Weapons Level 3  
  155  12:01  Mothership  
  163  12:18  High Templar  
  165  12:27  Protoss Air Weapons Level 2  
  165  12:34  Zealot  
  165  12:35  Zealot x4  
  165  12:36  Zealot x2  
  101  13:44  High Templar x3  
  101  13:48  Carrier x2  
  119  14:07  High Templar  
  119  14:08  High Templar x3  
  127  14:27  Archon  
  127  14:28  Archon  
  127  14:29  Protoss Ground Armor Level 1  
  127  14:31  High Templar  
  127  14:32  High Templar  
  127  14:33  High Templar  
  133  14:52  Carrier x2  
  145  14:58  Protoss Air Armor Level 1  
  145  15:19  Colossus, Nexus  
  151  15:56  Carrier x2  
  163  16:02  Assimilator  
  163  16:03  Assimilator  
  163  16:37  Protoss Shields Level 1  
  163  17:00  Tempest x2  
  159  17:13  Protoss Air Weapons Level 3  
  84  17:44  High Templar x2  
  84  17:45  High Templar x4  
  84  17:46  High Templar  
  84  17:49  Carrier x2  
  110  17:56  Archon x2  
  110  17:57  Archon  
  110  18:00  High Templar  
  112  18:53  Tempest x2  
  122  19:29  High Templar x2  
  122  19:30  High Templar x3  
  122  19:31  High Templar x3  
  136  19:36  Tempest x2  
Tags
 
Add a new tag
Caveats
  • Supply blocks, unpowered buildings, or Contaminate may cause inaccurate times.
  • Supply counts are checked every 10 seconds.